[Event "Early-Titled-Tuesday-Blitz-March-19-2024"]
[Site "Chess.com"]
[Date "2024.03.19"]
[Round "10"]
[White "IMRosen"]
[Black "valeriocarnicelli"]
[Result "1-0"]
[WhiteElo "2649"]
[BlackElo "2540"]
[TimeControl "180+1"]
[EndTime "9:55:49 PDT"]
[Termination "IMRosen won by resignation"]

1. e4 c5 2. b3 Nc6 3. Bb2 e6 4. Bb5 Qc7 5. Nf3 b6 6. O-O Bb7 7. Re1 d6 8. d4 a6 9. Bxc6+ Bxc6 10. d5 Bd7 11. e5 O-O-O 12. Qe2 exd5 13. exd6 Qb7 14.
Be5 f6 15. Bg3 Nh6 16. Nc3 Nf5 17. Rad1 d4 18. Ne4 Nxg3 19. hxg3 Bc6 20. Nfd2 h6 21. Qg4+ Qd7 22. Qf4 f5 23. Nc4 Kb7 24. Na5+ Ka8 25. Nxc6 Qxc6 26. Qxf5 Bxd6 27. Nxd6 Qxd6 28.
Re6 Qc7 29. Rde1 Rd7 30. Qg6 Ka7 31. Rc6 Qb7 32. Ree6 Rb8 33. a4 a5 34. Qd3 Qa6 35.
Qxa6+ Kxa6 36. Rxc5 d3 37. cxd3 Rxd3 38. Rc7 Rb7 39.
Rxb7 Kxb7 40. Re3 Rd2 41. Re7+ Ka6 42. Rxg7 Rd3 43. f4 Rxb3 44. f5 Rb1+ 45. Kf2 Rc1 46. f6 Rc6 47. f7 Rf6+ 48. Ke3 b5 49. Rg6 1-0

[Event "Early-Titled-Tuesday-Blitz-March-19-2024"]
[Site "Chess.com"]
[Date "2024.03.19"]
[Round "10"]
[White "Kunalm64"]
[Black "JosefineHeinemann"]
[Result "1/2-1/2"]
[WhiteElo "2624"]
[BlackElo "2493"]
[TimeControl "180+1"]
[EndTime "9:55:49 PDT"]
[Termination "Game drawn by repetition"]

1. e4 e5 2. Nf3 Nc6 3. Bb5 a6 4. Ba4 Nf6 5. O-O Be7 6. Re1 b5 7. Bb3 O-O 8. d4 Nxd4 9. Nxd4 exd4 10. e5 Ne8 11. c3 c5 12. cxd4 c4 13. Bc2 d5 14.
Nc3 g6 15. Bh6 Ng7 16. Qd2 Re8 17. h3 Bf5 18. Bxf5 Nxf5 19. Bf4 Qb6 20. Ne2 a5 21. g4 Bb4 22. Nc3 Nxd4 23. Kg2 Ne6 24. a3 Bxc3 25. bxc3 d4 26. Bh6 Rad8 27. cxd4 Rxd4 28. Qe3 Qc6+ 29.
Kg1 Rd3 30. Qe4 Qxe4 31. Rxe4 Rxh3 32. Be3 h5 33. g5 Rf3 34. Kg2 Rf5 35. f4 c3 36. Rc1 Rc8 37. Kg3 Kf8 38. Bb6 h4+ 39. Kg4 h3 40. Bxa5 c2 41. Bb4+ Ke8 42. Bd2 h2 43.
Rh1 c1=Q 44. Bxc1 Rc2 45. Be3 Re2 46. Kf3 Ra2 47. Kg4 Re2 48. Kf3 Ra2 49. Kg4 Re2 1/2-1/2

[Event "Early-Titled-Tuesday-Blitz-March-19-2024"]
[Site "Chess.com"]
[Date "2024.03.19"]
[Round "10"]
[White "rhwr"]
[Black "pfalcon1949"]
[Result "1-0"]
[WhiteElo "2328"]
[BlackElo "2005"]
[TimeControl "180+1"]
[EndTime "9:55:49 PDT"]
[Termination "rhwr won by checkmate"]

1. e4 e6 2. Nf3 d5 3. e5 c5 4. b4 cxb4 5. a3 Qa5 6. Bd3 b6 7. O-O Ba6 8. Qe2 Bxd3 9. Qxd3 Qa6 10. Qd4 Nc6 11. Qg4 Nh6 12. Qh5 Nf5 13. Bb2 g6 14. Qh3 Bg7 15. axb4 Qb5 16. c3 O-O 17. d4 a5 18. Na3 Qa6 19. b5 Qb7 20. bxc6 Qxc6 21. g4 Ne7 22. Nd2 b5 23. Qd3 b4 24.
cxb4 axb4 25. Nb5 Rxa1 26. Rxa1 Rb8 27. Nd6 Nc8 28. Rc1 Qd7 29. Rxc8+ Rxc8 30. Nxc8 Qxc8 31. Nb3 Bf8 32. Kg2 f6 33. exf6 e5 34. dxe5 Qxg4+ 35. Qg3 Qe2 36. Bd4 Qe4+ 37. Qf3 Qxf3+ 38. Kxf3 Kf7 39.
Ke3 Ke6 40. f4 h6 41. Bc5 Bxc5+ 42. Nxc5+ Kf7 43. Kd4 g5 44. fxg5 hxg5 45. Kxd5 Ke8 46. Kc4 g4 47. Kxb4 Kf7 48. Kc4 g3 49. hxg3 Kf8 50. Kd5 Ke8 51. Ke6 Kd8 52. Nd7 Ke8 53. f7+ Kd8 54. f8=Q+ Kc7 55. Qc5+ Kb7 56. Nf6 Ka8 57.
g4 Kb8 58. g5 Kb7 59. g6 Ka6 60. g7 Kb7 61. g8=Q Ka6 62. Qgc8# 1-0

[Event "Early-Titled-Tuesday-Blitz-March-19-2024"]
[Site "Chess.com"]
[Date "2024.03.19"]
[Round "10"]
[White "KetiTsatsalashvili"]
[Black "IMchanged"]
[Result "0-1"]
[WhiteElo "2476"]
[BlackElo "2663"]
[TimeControl "180+1"]
[EndTime "9:55:50 PDT"]
[Termination "IMchanged won by checkmate"]

1. d4 d5 2. Nf3 c6 3. c4 Nf6 4.
Nc3 Bf5 5. cxd5 cxd5 6. Qb3 Nc6 7.
Qxb7 Rc8 8. e3 Rc7 9. Qa6 Bc8 10. Qa4 e6 11. Ne5 Bd7 12. Nxd7 Qxd7 13. Bb5 Bd6 14. O-O O-O 15. Bd2 Rfc8 16. Rac1 Qe7 17. h3 Nb8 18. Bd3 e5 19. Nb5 Rxc1 20. Rxc1 Rxc1+ 21. Bxc1 e4 22. Be2 Nc6 23. Nxd6 Qxd6 24. Qa6 Qc7 25. Bd2 h5 26. Bb5 Ne7 27. Qa3 Nf5 28. Qc3 Qb7 29. Be2 g5 30. b4 g4 31. hxg4 hxg4 32. g3 Qb8 33. Kg2 Nh5 34.
Be1 Nf6 35. b5 Kg7 36. a4 Qh8 37. Bf1 Qh6 38. Kg1 Nh5 39. Bg2 Qb6 40. Qc6 Qd8 41. a5 Ne7 42. Qc5 Nf6 43. b6 axb6 44. axb6 Nc8 45. Qc7 Qxc7 46. bxc7 Ne8 47. Ba5 Kf6 48. Bf1 Ke6 49. Ba6 Ned6 50. Bxc8+ Nxc8 51. Kf1 Kd7 52. Ke2 Na7 53. Kd2 Nc6 54. Bb6 Nb4 55. Kc3 Nd3 56. Kb3 Nxf2 57. Kb4 Kc8 58. Kc5 f5 59. Kxd5 Nh1 60.
Ke5 Nxg3 61. Kf4 Ne2+ 62. Ke5 g3 63. d5 g2 64. d6 g1=Q 65. Kxf5 Qg8 66. Ke5 Qe8+ 67.
Kd5 Nc3+ 68. Kc4 Na4 69. Bd4 Kd7 70. Kd5 Qe6# 0-1

[Event "Early-Titled-Tuesday-Blitz-March-19-2024"]
[Site "Chess.com"]
[Date "2024.03.19"]
[Round "10"]
[White "willcab71"]
[Black "madmax011"]
[Result "0-1"]
[WhiteElo "2136"]
[BlackElo "2338"]
[TimeControl "180+1"]
[EndTime "9:55:50 PDT"]
[Termination "madmax011 won by checkmate"]

1. d4 Nf6 2. c4 g6 3. Nc3 d5 4.
h3 Bg7 5. cxd5 Nxd5 6. e4 Nxc3 7.
bxc3 O-O 8. Nf3 c5 9. Bc4 Nc6 10. Be3 Qa5 11. Qd2 cxd4 12. cxd4 Qxd2+ 13. Kxd2 Rd8 14. Bd5 Nxd4 15. Bxd4 e6 16. Bxg7 Kxg7 17. Rhd1 exd5 18. Ke3 Be6 19. e5 Rac8 20. Rac1 Kf8 21. Nd4 Ke7 22. f4 f6 23. exf6+ Kxf6 24. g4 Re8 25.
Kf3 Bd7 26. g5+ Kf7 27. Kg3 Bc6 28. Nf3 Ke6 29. Ne5 Kf5 30. Rb1 Rc7 31. Rd4 Rd8 32. a4 b6 33. Re1 Re8 34. Rc1 Rec8 35. Re1 Re7 36. Rc1 Bb7 37. Rxc8 Bxc8 38. Rxd5 Ke4 39.
Rd2 Bf5 40. Nf3 Rc7 41. Rd4+ Ke3 42. Rb4 Rc3 43. Ne5 Ke2+ 44. Kg2 Bxh3+ 45. Kh2 Bf5 46. Rd4 Kf2 47. Rb4 Rh3# 0-1

[Event "Early-Titled-Tuesday-Blitz-March-19-2024"]
[Site "Chess.com"]
[Date "2024.03.19"]
[Round "10"]
[White "Meri-Arabidze"]
[Black "XDPS"]
[Result "0-1"]
[WhiteElo "2690"]
[BlackElo "2912"]
[TimeControl "180+1"]
[EndTime "9:55:52 PDT"]
[Termination "XDPS won by resignation"]

1. d4 g6 2. g3 Bg7 3. Bg2 c5 4.
d5 Nf6 5. Nc3 O-O 6. a4 d6 7. Nf3 Bg4 8. O-O Bxf3 9. exf3 Nbd7 10. f4 Re8 11. Re1 a6 12. Qd2 c4 13. f5 Rc8 14.
fxg6 hxg6 15. h4 Ne5 16. Qe2 Qb6 17. a5 Qc5 18. Ra4 e6 19. Be3 Qc7 20. dxe6 Rxe6 21.
Nd5 Nxd5 22. Bxd5 Ree8 23. h5 Qd7 24. Rb4 Rc7 25. hxg6 Nxg6 26. Rxc4 Re5 27. Rxc7 Qxc7 28. c4 Ne7 29. Bg2 Nf5 30. Qd3 Qxa5 31. Re2 Nxe3 32. Rxe3 Qa1+ 33. Kh2 Qxb2 34. Rxe5 Bxe5 35. Qf3 b5 36. cxb5 axb5 37. Qg4+ Kf8 38. f4 Bd4 39. Qc8+ Kg7 40. Qg4+ Kf8 41. Qc8+ Ke7 42. Qc7+ Kf6 43. Qxd6+ Kg7 44. Qd7 Bf6 45. Kh3 Qb1 46. Qg4+ Kf8 47. Qc8+ Kg7 48. Qg4+ Kh6 49. Qd7 Qg6 50. Kh2 Qh5+ 51.
Qh3 Bd4 52. Qxh5+ Kxh5 53. Bd5 f6 54. g4+ Kxg4 55. Kg2 Kxf4 56. Bc6 b4 57. Bd5 f5 58. Bb3 Ke3 59. Kf1 f4 60. Bd5 Kd2 61. Kg2 Kc3 62. Kf3 Be3 63. Be6 b3 64. Bf5 Kd2 65.
Be6 b2 66. Bf5 Kc1 0-1

[Event "Early-Titled-Tuesday-Blitz-March-19-2024"]
[Site "Chess.com"]
[Date "2024.03.19"]
[Round "10"]
[White "margarita_2703"]
[Black "MikeWizard"]
[Result "1-0"]
[WhiteElo "2330"]
[BlackElo "2139"]
[TimeControl "180+1"]
[EndTime "9:55:52 PDT"]
[Termination "margarita_2703 won on time"]

1. e4 d6 2. d4 Nf6 3. Nc3 Nbd7 4. h3 e5 5. Nf3 Be7 6. Bc4 c6 7. a4 Qc7 8. O-O h6 9. Be3 g5 10. Nh2 Nf8 11. f3 Ng6 12. Ng4 Nh5 13. dxe5 dxe5 14. Qe1 Nhf4 15. Bxf4 gxf4 16. Kh1 Be6 17. Bxe6 fxe6 18.
Qe2 Kf7 19. Qc4 Qb6 20. b3 Qc5 21. Qxc5 Bxc5 22. Rad1 Bd4 23. Ne2 Bc5 24. Rd7+ Be7 25. Rxb7 h5 26. Nf2 Rhd8 27. Nd3 Kf6 28. Nc3 Nf8 29. Nd1 Nd7 30. N1b2 Nb6 31. a5 Nd7 32. Nc4 Rg8 33. Rd1 Nc5 34. Nxc5 Bxc5 35. Rdd7 Bd4 36. Rf7+ Kg6 37. a6 Rgd8 38. Rfd7 Rxd7 39.
Rxd7 Kf6 40. Nd6 Rb8 41. Rb7 Rd8 42. Nc4 Rc8 43. Kh2 Kg6 44. h4 Kf6 45. Kh3 Rg8 46. Kh2 Rc8 47. c3 Bxc3 48. Rxa7 Rb8 49. Rb7 Ra8 50.
Rb6 c5 51. Kg1 Be1 52. Kf1 Bxh4 53. Ke2 Bg3 54. Na3 h4 55. Nb5 Ke7 56. a7 1-0

[Event "Early-Titled-Tuesday-Blitz-March-19-2024"]
[Site "Chess.com"]
[Date "2024.03.19"]
[Round "10"]
[White "ketster"]
[Black "SuperPower2011"]
[Result "0-1"]
[WhiteElo "2585"]
[BlackElo "2783"]
[TimeControl "180+1"]
[EndTime "9:55:53 PDT"]
[Termination "SuperPower2011 won on time"]

1. d4 Nf6 2. c4 e6 3. Nc3 d5 4.
Nf3 dxc4 5. e4 b5 6. e5 Nd5 7.
Nxb5 Nb6 8. Nc3 Nc6 9. h4 Be7 10.
h5 h6 11. Rh3 Nb4 12. Be3 N4d5 13. Bxc4 Bb7 14. Bb5+ Kf8 15. Rg3 a6 16. Bd3 c5 17.
Qe2 cxd4 18. Nxd4 Nxe3 19. Qxe3 Bg5 20. f4 Bh4 21. Nde2 Nd5 22. Nxd5 Qxd5 23. O-O-O Bxg3 24. Qxg3 Qxa2 25. Nc3 Rc8 26. f5 Qb3 27. Bc2 Qb6 28.
Rd6 Qg1+ 29. Rd1 Qb6 30. Rd6 Rc6 31. Rd7 exf5 32. Bxf5 Bc8 33. e6 Bxd7 34. exd7 Qg1+ 35. Kc2 Ke7 36. Qe5+ Kd8 37. Qb8+ Ke7 38. Qxh8 Qxg2+ 39. Kc1 Qf1+ 40. Kd2 Rd6+ 41. Ke3 Qe1+ 42. Ne2 Qd2+ 43. Kf3 Qd5+ 44. Be4 Qxh5+ 45. Ke3 Qg5+ 46. Kf3 Rxd7 0-1

[Event "Early-Titled-Tuesday-Blitz-March-19-2024"]
[Site "Chess.com"]
[Date "2024.03.19"]
[Round "10"]
[White "Dyadya81"]
[Black "Aradhya2000"]
[Result "1-0"]
[WhiteElo "2944"]
[BlackElo "2732"]
[TimeControl "180+1"]
[EndTime "9:55:54 PDT"]
[Termination "Dyadya81 won by resignation"]

1. e4 e5 2. Nf3 Nc6 3. d4 exd4 4. Nxd4 Nf6 5. Nc3 Nxe4 6. Nxe4 Qe7 7. Bd3 Nxd4 8. O-O d5 9. Bc4 dxc4 10. Qxd4 Be6 11.
Re1 Qd7 12. Qc3 O-O-O 13. Bg5 f6 14. Nxf6 gxf6 15. Qxf6 Bb4 16. c3 Bd5 17. cxb4 Qg4 18. f3 Bxf3 19. Qe6+ Qxe6 20. Rxe6 Bd5 21. Re5 Rd7 22.
Rae1 b5 23. Be7 Rg8 24. g3 Bc6 25. R1e2 Rd1+ 26. Re1 Rd2 27. R5e2 Rd3 28. Bc5 a6 29. Rf2 h5 30. Re6 Rd1+ 31. Rf1 Rxf1+ 32. Kxf1 Kb7 33.
Re5 h4 34. gxh4 Rg2 35. Bf2 Rg4 36. Rg5 Rf4 37. Ke2 Rf6 38. Re5 Bf3+ 39. Ke3 Bg4 40. Bg3 Rf3+ 41. Ke4 Rd3 42. Rg5 Bf3+ 43. Kf4 c3 44.
bxc3 Rxc3 45. h5 Bd1 46. h6 Rc4+ 47. Ke5 Bc2 48. Rg7 Rxb4 49. Kf6 Rc4 50. h7 Bxh7 51. Rxh7 a5 52. h4 b4 53. h5 a4 54. Re7 b3 55.
axb3 axb3 56. Re3 Rb4 57. Re1 b2 58. Rb1 Rb6+ 59. Kg7 Rb5 60. Kg6 Kc6 61. h6 Kd7 62. h7 1-0

[Event "Early-Titled-Tuesday-Blitz-March-19-2024"]
[Site "Chess.com"]
[Date "2024.03.19"]
[Round "10"]
[White "carloseduar100"]
[Black "InitiatingASC"]
[Result "1/2-1/2"]
[WhiteElo "2260"]
[BlackElo "2351"]
[TimeControl "180+1"]
[EndTime "9:55:55 PDT"]
[Termination "Game drawn by stalemate"]

1. e4 c5 2. Nf3 Nc6 3. Nc3 Nf6 4. g3 g6 5. d3 Bg7 6. Bg2 O-O 7. O-O Ne8 8. Ne2 Nc7 9. c3 b5 10. d4 cxd4 11.
cxd4 Bb7 12. h4 h5 13. Be3 d5 14. e5 Ne6 15. Rc1 Rc8 16. Qd3 Qa5 17. a3 b4 18. Ng5 Ba6 19. Qd2 Bxe2 20. Qxe2 Ncxd4 21. Bxd4 Nxd4 22. Qd3 Bxe5 23. Rxc8 Rxc8 24. axb4 Qxb4 25. Bxd5 e6 26. Nxe6 Nxe6 27. Bxe6 fxe6 28. Qxg6+ Kf8 29. Qxe6 Re8 30. Qh6+ Bg7 31. Qxh5 Qxb2 32. Rd1 Qf6 33. Qc5+ Qe7 34. Qf5+ Kg8 35. Rd7 Qe1+ 36. Kg2 Qe4+ 37.
Qxe4 Rxe4 38. Rxa7 Re2 39. Ra4 Kh7 40. Rf4 Rb2 41.
g4 Kg6 42. Rf5 Bd4 43. h5+ Kg7 44. Kg3 Rb1 45. f3 Rg1+ 46. Kf4 Bb2 47. Kg5 Bc1+ 48. f4 Rf1 49. h6+ Kh7 50. Rf7+ Kh8 51. Kg6 Rxf4 52. Rxf4 Bxf4 53. g5 Bxg5 54. Kxg5 Kh7 55. Kh5 Kh8 56. Kg6 Kg8 57. h7+ Kh8 58. Kh6 1/2-1/2

[Event "Early-Titled-Tuesday-Blitz-March-19-2024"]
[Site "Chess.com"]
[Date "2024.03.19"]
[Round "10"]
[White "Quattroporte300"]
[Black "vasblesk"]
[Result "0-1"]
[WhiteElo "2517"]
[BlackElo "2780"]
[TimeControl "180+1"]
[EndTime "9:55:56 PDT"]
[Termination "vasblesk won by resignation"]

1. e4 e5 2. Nf3 Nf6 3. Nc3 Nc6 4. d4 exd4 5. Nxd4 Bb4 6. Nxc6 bxc6 7. Bd3 d5 8. exd5 cxd5 9. O-O O-O 10. Bg5 c6 11. Qf3 h6 12. Bxf6 Qxf6 13. Qxf6 gxf6 14. Ne2 Rb8 15. Nd4 Bd7 16. Nf5 Bxf5 17. Bxf5 Bd6 18. b3 Rbd8 19. Rad1 Rfe8 20. Rfe1 Re5 21. Bd3 Rde8 22.
Kf1 Bb4 23. Re2 Kf8 24. g3 a5 25. Ba6 R8e6 26. a4 Ke7 27. Bd3 Kd6 28. Ba6 Kc5 29. h4 Re8 30. Bd3 Bc3 31. Ba6 Kb4 32.
Bd3 Bb2 33. Ba6 R8e7 34. Bd3 Kc3 35. Ba6 Rxe2 36. Bxe2 Kxc2 37. Rd3 Bc3 38. Rf3 Kxb3 39. Bd1+ Kb2 40. Kg2 d4 41. Rxf6 c5 42. Rxh6 Re1 43. Bf3 d3 44. Rd6 Bd4 45. h5 Re2 46. Rb6+ Kc1 47.
Kh3 Rxf2 48. Bg4 d2 49. h6 Rf6 50. Rxf6 Bxf6 51. Bf3 d1=Q 52. Bxd1 Kxd1 53. Kg4 0-1

[Event "Early-Titled-Tuesday-Blitz-March-19-2024"]
[Site "Chess.com"]
[Date "2024.03.19"]
[Round "10"]
[White "PeshkaCh"]
[Black "Boundless_Strike"]
[Result "1-0"]
[WhiteElo "2851"]
[BlackElo "2637"]
[TimeControl "180+1"]
[EndTime "9:55:57 PDT"]
[Termination "PeshkaCh won on time"]

1. Nf3 d6 2. d4 e5 3. dxe5 Bg4 4.
e4 Nc6 5. Bb5 Qd7 6. h3 Bh5 7.
Nc3 O-O-O 8. Be3 a6 9. Ba4 Qe8 10. Qe2 dxe5 11. g4 Bg6 12. Bxc6 Qxc6 13. Nxe5 Qe6 14. Nxg6 hxg6 15. Bd2 Bb4 16. O-O-O Nf6 17. b3 Rxd2 18. Qxd2 Nxe4 19. Nxe4 Bxd2+ 20. Nxd2 Qf6 21. Kb1 Qxf2 22. Nc4 Qg3 23. Rd3 Qf4 24. Re1 Rd8 25.
Rde3 f5 26. gxf5 gxf5 27. Re7 Qf3 28. Kb2 Qxh3 29. Rxg7 Qh2 30. Ree7 Kb8 31. Rgf7 Qf4 32. a4 Qd4+ 33. Ka2 Qc3 34. Rxc7 Qxc2+ 35. Nb2 Qe4 36.
Rce7 Qd5 37. Nc4 Rc8 38. Rd7 Qg2+ 39. Ka3 Rxc4 40. bxc4 Qf3+ 41. Kb4 Qc6 42. a5 f4 43. Rd8+ Ka7 44. Rff8 b6 45. Rf7+ 1-0

[Event "Early-Titled-Tuesday-Blitz-March-19-2024"]
[Site "Chess.com"]
[Date "2024.03.19"]
[Round "10"]
[White "wannabe2700"]
[Black "Arystanner"]
[Result "0-1"]
[WhiteElo "2636"]
[BlackElo "2851"]
[TimeControl "180+1"]
[EndTime "9:55:58 PDT"]
[Termination "Arystanner won on time"]

1. b3 d5 2. Bb2 Nf6 3. Nf3 e6 4. g3 Be7 5. Bg2 O-O 6. c4 b6 7. O-O Bb7 8. d4 c5 9. cxd5 Nxd5 10. Nc3 Nxc3 11. Bxc3 Bf6 12. Rc1 Nd7 13. dxc5 Nxc5 14. Ne5 Bxg2 15. Kxg2 Qc8 16. Nd3 Qb7+ 17. f3 Nxd3 18.
Qxd3 Rfd8 19. Qe3 Bxc3 20. Rxc3 Rd7 21. Rfc1 Rad8 22. R1c2 h6 23. h4 Qa6 24. a4 Qa5 25.
Qf4 Rd4 26. Qc7 Rd1 27. Qe7 R1d7 28. Qa3 Qe5 29. Rc8 Rxc8 30. Rxc8+ Kh7 31. Qa2 Qe3 32.
Qc2+ f5 33. Rc3 Qe5 34. Rc6 Rd5 35. Rc3 h5 36. Rd3 Rc5 37. Qd2 Qf6 38. Rd6 Qe5 39. Rd7 Rd5 40. Rxd5 exd5 41. Kf2 d4 42. Qg5 g6 43. g4 hxg4 44. fxg4 Qh2+ 45. Kf3 Qh3+ 46. Kf2 Qh2+ 47. Kf3 Qh1+ 48. Kf2 Qe4 49. h5 fxg4 50. hxg6+ Qxg6 51. Qe7+ Kh6 0-1

[Event "Early-Titled-Tuesday-Blitz-March-19-2024"]
[Site "Chess.com"]
[Date "2024.03.19"]
[Round "10"]
[White "alexrustemov"]
[Black "GodzillaChessYoutube"]
[Result "1-0"]
[WhiteElo "2876"]
[BlackElo "2671"]
[TimeControl "180+1"]
[EndTime "9:56:00 PDT"]
[Termination "alexrustemov won by resignation"]

1. d4 Nf6 2. c4 e6 3. Nf3 d5 4.
Nc3 Be7 5. Bg5 O-O 6. e3 Nbd7 7.
Qc2 c6 8. Rc1 Nh5 9. Bxe7 Qxe7 10. Bd3 g6 11. O-O dxc4 12. Bxc4 e5 13. d5 Nb6 14. Bb3 Bg4 15. Qe4 Bxf3 16. Qxf3 cxd5 17. Nxd5 Nxd5 18. Bxd5 Nf6 19. Bb3 Rac8 20. h3 Kg7 21. Rfd1 Rxc1 22. Rxc1 Rd8 23. g3 Rd7 24. Kg2 Rc7 25.
Qd1 Rxc1 26. Qxc1 Qd7 27. Qc4 Qc6+ 28. Qxc6 bxc6 29. Kf3 Kf8 30. Ba4 c5 31. Bb3 Ke7 32. Ke2 h6 33. Kd3 Nd7 34. Kc4 Kd6 35. Kb5 f5 36.
Ka6 e4 37. Kxa7 Ne5 38. Kb6 Nd3 39. a4 Nxb2 40. a5 c4 41. Bc2 Nd3 42. a6 Nb4 43. a7 Nd5+ 44. Kb7 Nc7 45. h4 g5 46. h5 Kd7 47. g4 fxg4 48. Bxe4 c3 49. Bc2 Kd8 50.
Kc6 Kc8 51. Bf5+ Kd8 52. Kb7 g3 53. fxg3 c2 54. Bxc2 Kd7 55. g4 Kd6 56. Bf5 Na8 57. Kxa8 Kc7 58. e4 1-0

[Event "Early-Titled-Tuesday-Blitz-March-19-2024"]
[Site "Chess.com"]
[Date "2024.03.19"]
[Round "10"]
[White "gpsji27"]
[Black "missponyo10"]
[Result "1/2-1/2"]
[WhiteElo "2349"]
[BlackElo "2254"]
[TimeControl "180+1"]
[EndTime "9:56:00 PDT"]
[Termination "Game drawn by repetition"]

1. d4 Nf6 2. Nf3 e6 3. Bg5 d5 4. e3 c6 5. Nbd2 Nbd7 6. Bd3 Bd6 7. c3 O-O 8. O-O h6 9. Bh4 e5 10. e4 exd4 11. cxd4 dxe4 12. Nxe4 Be7 13. Qe2 Re8 14. Nxf6+ Bxf6 15. Bxf6 Nxf6 16. Qc2 Bg4 17. Be2 Bxf3 18. Bxf3 Qxd4 19. Rad1 Qe5 20. Qb3 Rab8 21. h3 Qc7 22.
Rfe1 Rxe1+ 23. Rxe1 Rd8 24. Qa3 a6 25. Qb4 Nd5 26.
Bxd5 Rxd5 27. Re8+ Kh7 28. g3 Qd7 29. Qe4+ Qf5 30. Qxf5+ Rxf5 31. Re7 Rb5 32. b3 Kg6 33. Kg2 Kf6 34. Rd7 Ke6 35. Rc7 g5 36. Kf3 h5 37.
g4 h4 38. Ke3 Rb4 39. f3 Rb5 40. f4 f6 41. f5+ Kd6 42. Rf7 Ke5 43. Re7+ Kd5 44.
Re6 Ra5 45. a4 Rc5 46. Kd3 Rc1 47. Rxf6 Rh1 48. Rg6 Rxh3+ 49. Kc2 Rg3 50. Rxg5 h3 51. Rh5 Rxg4 52. Rxh3 Rf4 53. Rh7 b5 54. axb5 axb5 55. Rd7+ Ke5 56. Rc7 Kd6 57. Rf7 Ke5 58. Rc7 Kd6 59. Rf7 Ke5 60. Rc7 1/2-1/2

[Event "Early-Titled-Tuesday-Blitz-March-19-2024"]
[Site "Chess.com"]
[Date "2024.03.19"]
[Round "10"]
[White "chessjazda"]
[Black "kikoveiga"]
[Result "0-1"]
[WhiteElo "2277"]
[BlackElo "2544"]
[TimeControl "180+1"]
[EndTime "9:56:01 PDT"]
[Termination "kikoveiga won by resignation"]

1. d4 Nf6 2. g3 d5 3. Bg2 Bf5 4. Nf3 e6 5. O-O Be7 6. Nh4 Bg4 7. h3 Bh5 8. Nd2 c5 9. c3 Nc6 10. e3 a5 11. Qa4 g5 12. Nhf3 g4 13. Ne5 Qc7 14. h4 Nd7 15. Nxc6 Qxc6 16. Qxc6 bxc6 17. b3 a4 18. bxa4 Rxa4 19. Nb3 Bg6 20. Bd2 Bd3 21. Rfc1 O-O 22. Bf1 Bxf1 23. Rxf1 c4 24. Nc1 Rb8 25. Rd1 Rb2 26. Be1 Rc2 27. Kf1 Nf6 28. Rd2 Rxc3 29.
Rb2 Rca3 30. Rb8+ Kg7 31. Rb7 Bf8 32. Ke2 Ne4 33. Rb2 Ra7 34. Kd1 R3a4 35. Kc2 Ba3 36. Rb6 c5 37. Ne2 cxd4 38. Nxd4 Bc5 39. Rb8 Rxa2+ 40.
Rxa2 Rxa2+ 41. Kb1 Ra4 42. Nc6 c3 43. Rb5 Bd6 44.
Kc2 Ra2+ 45. Kd3 c2 46. Bd2 Nxf2+ 47. Ke2 Ne4 48. Bc1 Ra1 49. Bd2 c1=Q 50. Bxc1 Rxc1 51. Nd8 Bxg3 52. Rb7 Re1+ 53. Kd3 Nc5+ 54. Kd2 Nxb7 55.
Nxb7 Rh1 0-1

[Event "Early-Titled-Tuesday-Blitz-March-19-2024"]
[Site "Chess.com"]
[Date "2024.03.19"]
[Round "10"]
[White "ViIIagra"]
[Black "Jospem"]
[Result "0-1"]
[WhiteElo "2931"]
[BlackElo "3069"]
[TimeControl "180+1"]
[EndTime "9:56:09 PDT"]
[Termination "Jospem won by resignation"]

1. e4 c5 2. Nf3 d6 3. Bb5+ Nd7 4. O-O a6 5. Bd3 Ngf6 6. Re1 b6 7. c3 Bb7 8. Bc2 e6 9. d4 Be7 10. h3 Qc7 11.
Nbd2 Rc8 12. Bd3 O-O 13. Nf1 e5 14. b3 Rfe8 15. d5 g6 16. c4 Bf8 17. g4 Bg7 18. Ng3 Nf8 19. Be3 Rb8 20. Qd2 Bc8 21. Kg2 b5 22. Rac1 bxc4 23. bxc4 Kh8 24. Rb1 Bd7 25. Bc2 Ng8 26. Ng5 Nh6 27. Nf3 Ng8 28. Ng5 Nh6 29. Ne6 fxe6 30. Bxh6 Rxb1 31. Bxb1 Bf6 32. Re3 Kg8 33. Rf3 Qd8 34. Bc2 Qe7 35. Qa5 Bg7 36. Bxg7 Kxg7 37. Qxa6 Bc8 38. Qa3 h6 39.
Ba4 Rd8 40. Bc6 Nh7 41. dxe6 Ng5 42. Rb3 Nxe6 43. Bd5 Nf4+ 44. Kh2 h5 45. Qa5 Qh4 46. Nh1 Bxg4 47. Rb7+ Kh6 48. Qc3 Bc8 49. Rb3 Nxh3 50. Qg3 Qf6 51. Rf3 Nf4 52. a3 h4 53. Qg1 Bd7 54. Ng3 hxg3+ 55. fxg3 Bg4 56. Rf1 Kg7 57. gxf4 Qh4+ 0-1

[Event "Early-Titled-Tuesday-Blitz-March-19-2024"]
[Site "Chess.com"]
[Date "2024.03.19"]
[Round "10"]
[White "Rurep26"]
[Black "JimDiGrease"]
[Result "1/2-1/2"]
[WhiteElo "2735"]
[BlackElo "2963"]
[TimeControl "180+1"]
[EndTime "9:56:09 PDT"]
[Termination "Game drawn by repetition"]

1. d4 d5 2. Bf4 Nf6 3. e3 c5 4. Nc3 cxd4 5. exd4 a6 6. Nf3 Nc6 7. Ne5 Bd7 8. Nxc6 Bxc6 9. Bd3 Qb6 10. O-O Qxd4 11.
Bg3 e6 12. Re1 Qg4 13. Qd2 Be7 14. f3 Qb4 15. a3 Qb6+ 16. Kh1 O-O 17. b4 Nd7 18.
Ne2 Bf6 19. c3 Bb5 20. Bb1 Bxe2 21. Rxe2 Rac8 22. Re3 g6 23. Ba2 d4 24. Re4 Rxc3 25.
Bh4 Bxh4 26. Rxh4 Rfc8 27. Rd1 Rc2 28. Qh6 Nf6 29. Bb1 R2c3 30. Qg5 Qd8 31. h3 Kg7 32.
Rhxd4 Qc7 33. Rh4 Rc1 34. Qh6+ Kg8 35. Rd4 Nd5 36. Qg5 Rxd1+ 37. Rxd1 Nc3 38. Rc1 Qd6 39. Be4 Rc7 40. Qa5 Ne2 41. Qxc7 Ng3+ 42. Kg1 Qd4+ 43. Kh2 Ne2 44. Qc8+ Kg7 45. Qc5 Qd2 46. Qe5+ Kh6 47. Rc7 Qe1 48. Qc5 Qg3+ 49. Kh1 Qe1+ 50. Kh2 Qg3+ 51.
Kh1 Qe1+ 52. Kh2 1/2-1/2

[Event "Early-Titled-Tuesday-Blitz-March-19-2024"]
[Site "Chess.com"]
[Date "2024.03.19"]
[Round "10"]
[White "Zhigalko_Sergei"]
[Black "adotand"]
[Result "1-0"]
[WhiteElo "2881"]
[BlackElo "2994"]
[TimeControl "180+1"]
[EndTime "9:56:10 PDT"]
[Termination "Zhigalko_Sergei won by resignation"]

1. e4 e5 2. Nf3 Nc6 3. Bc4 Bc5 4. b4 Bxb4 5. c3 Be7 6. d4 Na5 7. Bd3 d6 8. dxe5 dxe5 9. Nxe5 Nf6 10. O-O O-O 11.
Qc2 Re8 12. Nd2 Bd6 13. Nef3 Nc6 14. h3 Be6 15. Re1 Nd7 16. Nc4 Bxc4 17. Bxc4 Nde5 18.
Nxe5 Nxe5 19. Bb3 Qh4 20. Qe2 a5 21. a4 Ra6 22. Be3 Ng6 23. Bc4 Raa8 24. Qa2 Re7 25.
Rab1 Qxe4 26. Bd2 Qf5 27. Rxe7 Nxe7 28. Rxb7 Rd8 29. Rb1 Ng6 30. Rb5 Qf6 31. Bg5 Bh2+ 32. Kxh2 Qd6+ 33. g3 Rf8 34. Qe2 h6 35. Be3 Re8 36.
Rd5 Qf6 37. Rxa5 Qxc3 38. Rc5 Qa3 39. Qd2 Ne5 40. Bd5 Rd8 41. Qe2 Qxa4 42. Bg2 Qd7 43. Rxe5 c6 44. Re4 Rc8 45. Qc2 Qc7 46. Rc4 Qe7 47. Rxc6 Re8 48. Rc8 h5 49. Rxe8+ Qxe8 50. Qd2 Qe7 51. Qd4 f6 52. h4 Kh7 53. Qe4+ 1-0

[Event "Early-Titled-Tuesday-Blitz-March-19-2024"]
[Site "Chess.com"]
[Date "2024.03.19"]
[Round "10"]
[White "Robert_Chessmood"]
[Black "Igor_Lysyj"]
[Result "1/2-1/2"]
[WhiteElo "2974"]
[BlackElo "2836"]
[TimeControl "180+1"]
[EndTime "9:56:10 PDT"]
[Termination "Game drawn by repetition"]

1. e4 e5 2. Nf3 Nc6 3. Bb5 a6 4. Ba4 Nf6 5. O-O Nxe4 6. d4 b5 7. Bb3 d5 8. dxe5 Be6 9. Nbd2 Be7 10. c3 Qd7 11. Bc2 Bf5 12. Re1 Rd8 13. Nd4 Nxd4 14. cxd4 Nxd2 15. Bxd2 c5 16. dxc5 Bxc5 17. Rc1 Rc8 18.
Bxf5 Qxf5 19. Be3 Bxe3 20. Rxc8+ Qxc8 21. Rxe3 O-O 22. g3 Rd8 23. Rc3 Qf5 24. Qd4 h5 25.
Kg2 Qe6 26. Rc5 g6 27. h3 Kh7 28.
Rc7 Kg8 29. a3 Re8 30. f4 Rc8 31. Rc5 Rxc5 32. Qxc5 Qf5 33. Qxd5 Qc2+ 34. Kf3 Qxb2 35.
Qd8+ Kh7 36. Qd3 a5 37. e6 fxe6 38. g4 hxg4+ 39. hxg4 b4 40. axb4 axb4 41. Qd7+ Qg7 42. Qxe6 Qb7+ 43. Kg3 b3 44. f5 gxf5 45. gxf5 b2 46.
Qg6+ Kh8 47. Qh6+ Kg8 48. Qe6+ Kh8 49. Qe8+ Kh7 50. Qg6+ Kh8 51. Qe8+ Kg7 52. Qg6+ Kf8 53. Qf6+ Kg8 54. Qe6+ Kh8 55. Qe8+ 1/2-1/2